AoeStats
← MattAtArms

Arabia

504083980Analyzed
1v1 RM · 29d ago on Sep 3, 2026· 26m 46s· 2 players
Game mode
Random Map
Map size
Tiny (2 player)
Population
200
Speed
Normal
Resources
Standard
Victory
Conquest
Starting age
Dark Age
Ending age
Imperial Age
RankedLock teamsTeams togetherTeam positionsShared explorationLock speedFull tech treeHidden civsTurbo modeCheats
Victory
Defeat
🇳🇱 Bengalis · Netherlands
1911
+17
🇬🇧 Aztecs · United Kingdom
1936
-17
Glokken
6:32 Loom
7:05 Loom
9:17 Feudal Age
9:47 Double-Bit Axe
10:19 Horse Collar
13:16 Horse Collar
16:20 Fletching
16:58 Padded Archer Armor
21:18 Castle Age
19:41 Gold Mining
21:54 Bodkin Arrow
21:21 Crossbowman
22:12 Bow Saw
23:53 Ballistics
24:47 Leather Archer Armor
MattAtArms
6:34 Loom
9:10 Feudal Age
9:18 Man-at-Arms
9:44 Double-Bit Axe
21:14 Castle Age
19:24 Fletching
19:58 Padded Archer Armor
20:05 Horse Collar
20:41 Gold Mining
21:23 Crossbowman
22:13 Bodkin Arrow
23:31 Bow Saw
24:49 Ballistics
Connection lost

Rejoining the realm…

Still unreachable

The connection could not be restored.

Session expired

The server has moved on; the page needs a fresh start.